Map: Jagannatha EC

Players

Indy - Winner!

  • Race: Protoss Protoss
  • League: Master
  • Spawn Location: 7:00

Denver

  • Race: Zerg Zerg
  • League: Grandmaster
  • Spawn Location: 1:00

Event: DreamHack SC2 Masters 2020 Winter

VOD

Have the link to the VOD?

Description

Time

  • Played on: Oct. 18, 2020, 3:36 p.m.
  • Length: 13:31

All games in this series

Show
View Real Time Build Order
Export as new Build Order

Indy Protoss - Winner!

Build Orders: 1 Gate Expand, Carriers 

Get SALT Encoding   

  12  0:00  Probe  
  13  0:12  Probe  
  14  0:20  Pylon  
  14  0:24  Probe  
  15  0:38  Probe (Chrono Boost)  
  15  0:39  Gateway  
  16  0:48  Assimilator  
  16  0:49  Probe (Chrono Boost)  
  17  0:53  Probe (Chrono Boost)  
  18  1:04  Probe  
  19  1:16  Probe  
  20  1:25  Nexus  
  20  1:35  Cybernetics Core  
  20  1:38  Probe  
  21  1:45  Assimilator  
  21  1:50  Probe  
  22  1:55  Pylon  
  22  2:02  Probe  
  23  2:10  Adept (Chrono Boost)  
  23  2:15  Probe  
  26  2:20  Stargate  
  26  2:27  Warp Gate, Probe (Chrono Boost)  
  27  2:33  Adept  
  29  2:38  Probe (Chrono Boost)  
  29  2:39  Probe (Chrono Boost)  
  31  2:47  Probe (Chrono Boost)  
  31  2:48  Probe (Chrono Boost)  
  33  2:52  Probe (Chrono Boost)  
  33  2:53  Probe  
  35  3:00  Void Ray (Chrono Boost)  
  35  3:04  Probe  
  35  3:05  Probe  
  41  3:13  Pylon  
  41  3:16  Probe  
  41  3:17  Probe  
  43  3:22  Gateway  
  43  3:28  Probe  
  43  3:29  Probe  
  43  3:33  Gateway  
  45  3:40  Probe  
  46  3:41  Probe  
  46  3:46  Adept (Chrono Boost)  
  47  3:52  Probe  
  47  3:54  Probe  
  49  3:56  Assimilator x2  
  49  4:04  Probe  
  49  4:06  Probe  
  49  4:09  Oracle  
  54  4:10  Nexus  
  54  4:17  Pylon  
  54  4:22  Robotics Facility  
  54  4:26  Pylon  
  54  4:35  Probe x2  
  54  4:36  Twilight Council  
  54  4:37  Gateway  
  56  4:47  Adept x2, Probe x2  
  56  4:49  Adept  
  64  4:58  Pylon  
  64  4:59  Probe x2  
  66  5:03  Forge  
  66  5:11  Probe x2  
  68  5:15  Adept  
  68  5:16  Charge  
  70  5:23  Probe x3  
  70  5:26  Templar Archives  
  73  5:30  Sentry x2  
  73  5:35  Assimilator, Probe x3  
  80  5:38  Assimilator, Immortal (Chrono Boost)  
  84  5:45  Sentry x2  
  84  5:49  Probe x3  
  91  5:57  Psionic Storm, Gateway  
  90  5:59  Pylon  
  90  6:00  Pylon  
  90  6:01  Probe x2  
  90  6:02  Probe  
  90  6:03  Protoss Ground Weapons Level 1  
  93  6:17  Probe x3  
  96  6:23  High Templar x2  
  96  6:24  Zealot x2  
  104  6:29  Probe x3  
  107  6:41  Probe  
  107  6:42  Pylon  
  107  6:44  Pylon  
  107  6:45  Pylon  
  108  6:52  Robotics Facility  
  108  6:55  Pylon  
  108  6:57  Probe  
  108  7:01  Immortal  
  112  7:09  Nexus, Probe x3  
  112  7:12  High Templar x4  
  112  7:14  Pylon, Zealot  
  125  7:17  Photon Cannon  
  125  7:20  Pylon  
  125  7:21  Probe x3  
  128  7:26  Pylon  
  128  7:28  Pylon  
  128  7:33  Probe x3  
  128  7:36  Photon Cannon  
  131  7:43  Immortal (Chrono Boost)  
  131  7:45  Immortal (Chrono Boost)  
  131  7:49  Probe x3  
  142  8:00  Photon Cannon  
  142  8:01  Photon Cannon  
  142  8:03  Photon Cannon, Shield Battery  
  142  8:04  Photon Cannon  
  142  8:05  Shield Battery  
  142  8:17  Immortal x2  
  150  8:22  Stargate  
  150  8:29  Stargate  
  150  8:31  Fleet Beacon  
  150  8:36  Photon Cannon  
  150  8:40  Pylon  
  150  8:41  Photon Cannon  
  150  8:42  Assimilator  
  150  8:43  Assimilator  
  150  8:47  High Templar x2, Zealot  
  150  8:48  Zealot x2  
  156  8:53  Archon  
  156  9:10  Protoss Air Weapons Level 1 (Chrono Boost)  
  156  9:16  Carrier x3 (Chrono Boost)  
  174  9:24  Gateway  
  174  9:25  Gateway  
  174  9:28  Gateway  
  174  9:29  Gateway  
  158  9:45  Probe x2  
  158  9:46  Probe x2  
  157  9:58  Assimilator  
  157  10:00  Photon Cannon  
  157  10:02  Photon Cannon, Carrier (Chrono Boost)  
  157  10:03  Photon Cannon, Pylon, Carrier x2 (Chrono Boost)  
  157  10:07  Pylon x2  
  175  10:13  Stalker x3  
  177  10:19  Stalker  
  177  10:21  Probe x3  
  162  10:36  Probe x4  
  162  10:38  Pylon  
  162  10:40  Pylon  
  166  10:43  High Templar x3  
  166  10:44  High Templar  
  166  10:48  Archon  
  166  10:49  Archon  
  174  10:51  Stalker  
  174  10:56  Pylon x2  
  174  10:58  Warp Prism (Chrono Boost)  
  176  11:06  Stalker x5  
  187  11:11  Observer (Chrono Boost)  
  185  11:21  High Templar x2  
  185  11:25  Pylon x2  
  180  11:32  Archon  
  160  11:33  Stalker  
  160  11:34  Stalker x3  
  168  11:42  Stalker  
  162  11:54  Pylon  
  158  12:07  High Templar x4  
  165  12:11  Archon x2  
  165  12:12  Zealot  
  133  12:39  Archon  
  133  12:42  Stalker x7  
  133  12:43  Warp Prism (Chrono Boost)  
  132  13:05  Stalker x5  
  124  13:26  Pylon  
Show
View Real Time Build Order
Export as new Build Order

Denver Zerg 

Build Orders: Hatch First 

Get SALT Encoding   

  12  0:00  Drone  
  13  0:12  Overlord  
  13  0:17  Drone  
  14  0:31  Drone x2  
  16  0:48  Hatchery  
  15  0:53  Drone  
  17  0:57  Drone  
  17  0:59  Drone  
  18  1:11  Extractor  
  18  1:16  Spawning Pool  
  16  1:18  Drone  
  16  1:22  Drone  
  18  1:29  Drone  
  19  1:39  Drone  
  20  1:51  Overlord  
  20  2:03  Queen x2, Zergling x2  
  20  2:04  Zergling x2  
  26  2:13  Metabolic Boost  
  26  2:14  Drone x2  
  28  2:25  Drone x2  
  30  2:37  Hatchery  
  30  2:42  Drone x2  
  31  2:47  Overlord  
  31  2:51  Drone  
  31  2:55  Drone x2  
  34  3:00  Queen  
  36  3:07  Drone x2  
  38  3:13  Drone x3  
  38  3:16  Overlord  
  38  3:19  Drone  
  42  3:24  Spore Crawler  
  42  3:25  Spore Crawler  
  40  3:27  Drone  
  40  3:31  Drone  
  42  3:38  Queen  
  42  3:41  Overlord  
  44  3:44  Drone x2  
  45  3:49  Overlord  
  45  3:50  Drone  
  45  3:51  Drone  
  45  3:55  Overlord  
  46  3:56  Drone  
  46  3:58  Pneumatized Carapace  
  47  4:03  Drone x2  
  47  4:07  Drone  
  47  4:09  Queen  
  52  4:14  Drone x3  
  55  4:18  Spore Crawler  
  55  4:22  Drone x4  
  58  4:26  Overlord  
  58  4:31  Lair  
  58  4:33  Zergling x4  
  58  4:34  Zergling x2  
  61  4:39  Extractor  
  61  4:40  Drone x3, Extractor  
  61  4:44  Zergling x6  
  65  4:50  Roach Warren  
  65  4:51  Drone x2  
  65  4:52  Drone  
  67  4:56  Zergling x6  
  67  4:58  Drone  
  71  5:01  Queen  
  71  5:03  Drone x2  
  75  5:13  Zergling x4  
  77  5:15  Drone  
  78  5:21  Drone  
  78  5:22  Drone x4  
  78  5:26  Overlord  
  78  5:27  Overlord  
  82  5:29  Overlord, Glial Reconstitution  
  82  5:38  Evolution Chamber, Overlord  
  82  5:39  Baneling Nest, Overseer  
  80  5:44  Overlord  
  80  5:47  Drone  
  80  5:48  Drone x5, Hatchery  
  83  5:54  Extractor  
  83  5:55  Drone x2  
  83  5:56  Extractor  
  82  5:57  Extractor  
  82  6:00  Drone  
  82  6:01  Drone  
  82  6:02  Drone  
  82  6:03  Drone x6  
  90  6:04  Zerg Melee Weapons Level 1  
  90  6:09  Overlord  
  90  6:13  Roach x3  
  96  6:20  Overlord x2  
  96  6:24  Overlord  
  96  6:27  Roach x2  
  96  6:32  Drone x6  
  106  6:33  Overlord  
  106  6:34  Overlord  
  106  6:37  Overlord  
  106  6:41  Spore Crawler  
  106  6:44  Roach x3  
  111  6:48  Centrifical Hooks  
  111  6:51  Roach  
  111  6:53  Overseer  
  111  7:02  Roach x6  
  111  7:05  Zergling x6  
  111  7:07  Overlord  
  122  7:09  Ravager x3  
  122  7:10  Ravager x3  
  128  7:16  Overlord  
  128  7:20  Zergling x14  
  128  7:22  Overlord  
  135  7:24  Baneling  
  135  7:25  Baneling x4  
  135  7:30  Drone x5  
  135  7:31  Drone x3  
  143  7:37  Zergling x2  
  143  7:38  Zergling x8  
  143  7:39  Overlord  
  143  7:41  Overlord  
  148  7:48  Overlord  
  148  7:50  Drone  
  148  7:51  Drone x2  
  150  7:52  Drone  
  150  7:56  Hatchery  
  151  8:02  Extractor  
  151  8:03  Drone x2, Infestation Pit  
  151  8:04  Spire  
  150  8:07  Zergling x10  
  150  8:08  Zergling x6, Overseer  
  158  8:14  Drone x3  
  158  8:15  Zerg Melee Weapons Level 2  
  158  8:17  Drone x2  
  158  8:18  Evolution Chamber  
  162  8:21  Baneling x12  
  162  8:22  Zergling x2  
  163  8:29  Zergling x4  
  163  8:30  Zergling x14  
  170  8:36  Drone x7  
  172  8:44  Hive  
  172  8:47  Zergling x14  
  176  8:54  Baneling  
  176  8:55  Baneling x16, Overseer  
  176  8:57  Zerg Missile Weapons Level 1  
  176  8:59  Spine Crawler  
  176  9:00  Zergling x2, Spine Crawler  
  176  9:01  Zergling x8  
  179  9:10  Zergling x2  
  179  9:11  Zergling x18  
  179  9:12  Overlord  
  179  9:15  Baneling  
  179  9:16  Baneling x8  
  179  9:17  Overlord  
  189  9:21  Overlord x2  
  189  9:24  Overlord  
  189  9:30  Zergling x22  
  163  9:38  Zergling x2  
  163  9:39  Zergling x8  
  163  9:41  Queen  
  163  9:45  Baneling x18  
  170  9:51  Zergling x20  
  179  9:58  Greater Spire  
  178  10:01  Extractor, Zergling x12  
  178  10:04  Spine Crawler  
  178  10:05  Spine Crawler  
  178  10:06  Baneling x10  
  171  10:20  Zergling x24  
  165  10:29  Baneling x12  
  165  10:30  Baneling x3, Roach x5  
  165  10:31  Roach x2  
  165  10:32  Adrenal Glands  
  179  10:36  Zergling x2  
  179  10:37  Zergling x10  
  185  10:43  Zergling x6  
  182  10:51  Zergling x8  
  180  10:57  Zerg Missile Weapons Level 2  
  180  10:59  Zergling x14  
  180  11:00  Zergling x10  
  180  11:01  Baneling x12  
  192  11:10  Zergling x16  
  176  11:27  Corruptor x4  
  176  11:28  Corruptor x4  
  176  11:31  Corruptor x2  
  173  11:40  Corruptor x2  
  173  11:44  Zergling x22  
  185  11:50  Extractor, Corruptor x2  
  186  11:54  Zergling x2  
  186  11:55  Zergling x10  
  189  12:03  Zergling x16  
  189  12:05  Baneling x2  
  189  12:06  Baneling x10  
  196  12:13  Zergling x10  
  198  12:17  Baneling x5  
  178  12:24  Zergling x20  
  174  12:36  Corruptor  
  143  12:37  Corruptor x5  
  143  12:43  Roach x5  
  151  12:50  Roach x3  
  148  12:55  Roach x3  
  146  13:00  Roach x2  
  138  13:09  Roach x3  
  138  13:10  Roach  
Tags
 
Add a new tag
Caveats
  • Supply blocks, unpowered buildings, or Contaminate may cause inaccurate times.
  • Supply counts are checked every 10 seconds.